[Event "Titled Tuesday Blitz March 22 Late 2022"]
[White "Kashefi, Amir Hosein"]
[Black "Vifleemskaia, Svetlana"]
[WhiteFideId "12557935"]
[BlackFideId "4129490"]
[WhiteElo "2107"]
[BlackElo "1901"]
[Result "0-1"]
[Round "06"]
[TimeControl "180+1"]
[Date "2022.03.22"]
[WhiteClock "0:00:01"]
[BlackClock "0:00:07"]

1. e4 e5 2. Nf3 Nc6 3. Bc4 Nf6 4. O-O Be7 5. d4 d6 6. dxe5 dxe5 7. Qe2 O-O 8. c3 Bg4 9. Rd1 Qc8 10. Nbd2 h6 11. Nf1 Be6 12. Bb5 Bd6 13. Ng3 Ne7 14. Be3 a6 15. Bc4 b5 16. Bb3 Rd8 17. Rd2 Ng6 18. Rad1 Bxb3 19. axb3 Qe6 20. c4 bxc4 21. Qxc4 Qxc4 22. bxc4 Be7 23. Kf1 Kf8 24. Rxd8+ Rxd8 25. Rxd8+ Bxd8 26. Ke2 Nd7 27. Kd3 c5 28. b3 Nf4+ 29. Bxf4 exf4 30. Ne2 g5 31. h3 Ba5 32. e5 Ke7 33. Ke4 Ke6 34. Nc1 f5+ 35. exf6 Nxf6+ 36. Kd3 Kf5 37. Nd2 Bxd2 38. Kxd2 Ke4 39. f3+ Kd4 40. Ne2+ Ke5 41. Kc3 a5 42. Nc1 Kd6 43. Kb2 Ke5 44. Ne2 Nd7 45. Ka3 Nb6 46. Kb2 a4 47. Ka3 axb3 48. Kxb3 h5 49. Kc3 Na4+ 50. Kc2 Nb6 51. Kd3 Na4 52. Nc1 Nb2+ 53. Kc3 Nd1+ 54. Kd2 Ne3 55. Kd3 Nxg2 0-1


[Site "https://www.chess.com"]

[Event "Titled Tuesday Blitz March 22 Late 2022"]
[White "Kokoszczynski, Jan"]
[Black "Mikhalsky, Vladimir"]
[WhiteFideId "1174460"]
[BlackFideId "14144352"]
[WhiteElo "2163"]
[BlackElo "2301"]
[Result "0-1"]
[Round "06"]
[TimeControl "180+1"]
[Date "2022.03.22"]
[WhiteClock "0:00:15"]
[BlackClock "0:00:28"]

1. e4 g6 2. d4 Bg7 3. Nc3 d6 4. Bg5 h6 5. Be3 a6 6. Qd2 b5 7. Bd3 Nc6 8. Nce2 Nf6 9. h3 Bb7 10. Ng3 h5 11. Nf3 e5 12. dxe5 Nxe5 13. Nxe5 dxe5 14. Bc5 h4 15. Ne2 Nxe4 16. Bxe4 Qxd2+ 17. Kxd2 Bxe4 18. f3 O-O-O+ 19. Ke3 Bxc2 20. Rac1 Bh6+ 21. f4 exf4+ 22. Kf3 Bd3 23. Nxf4 Bc4 24. b3 Bd5+ 25. Nxd5 Rxd5 26. Rc2 Re8 27. g4 Rd3+ 28. Kf2 Red8 29. Be7 Rd2+ 30. Rxd2 Rxd2+ 31. Kf3 Rxa2 32. Bxh4 Rb2 33. Bf6 Rxb3+ 34. Ke4 Kd7 35. g5 Bf8 36. Rd1+ Bd6 37. h4 Ke6 38. Rh1 Rb4+ 39. Kd3 Rg4 40. h5 gxh5 41. Rxh5 a5 42. Rh6 a4 43. Bd4+ Kd5 44. Be3 Rg3 45. Ke2 a3 46. Rh1 b4 47. Rd1+ Kc4 48. Rc1+ Kb5 49. g6 fxg6 50. Rf1 a2 51. Kd3 b3 52. Kd2 Rxe3 53. Rf8 a1=Q 54. Rb8+ Kc6 55. Rxb3 Qe1+ 56. Kc2 Qf2+ 57. Kd1 Re1# 0-1


[Site "https://www.chess.com"]

[Event "Titled Tuesday Blitz March 22 Late 2022"]
[White "Kollars, Dmitrij"]
[Black "Thavandiran, Shiyam"]
[WhiteFideId "12909572"]
[BlackFideId "2605058"]
[WhiteElo "2584"]
[BlackElo "2357"]
[Result "1-0"]
[Round "06"]
[TimeControl "180+1"]
[Date "2022.03.22"]
[WhiteClock "0:00:13"]
[BlackClock "0:00:03"]

1. c4 Nf6 2. Nc3 c5 3. g3 e6 4. Nf3 a6 5. Bg2 Qc7 6. O-O Be7 7. b3 d6 8. Bb2 b6 9. d4 cxd4 10. Qxd4 Bb7 11. Rfd1 Nbd7 12. Rac1 Rc8 13. Ng5 Bxg2 14. Kxg2 Qb7+ 15. Kg1 O-O 16. Nge4 Rc6 17. Qe3 b5 18. cxb5 axb5 19. Qf3 d5 20. Nxf6+ Bxf6 21. e4 b4 22. Na4 Rxc1 23. Bxc1 dxe4 24. Qe2 Rc8 25. Be3 Ne5 26. Nc5 Nf3+ 27. Kg2 Qa8 28. Qc4 Qxa2 29. Qxe4 Ne5 30. Qxb4 h5 31. Ne4 Ng4 32. Nxf6+ Nxf6 33. Qb7 Qc2 34. Rd2 Qe4+ 35. Qxe4 Nxe4 36. Rb2 Nd6 37. b4 Nb5 38. Bc5 Rc7 39. Ra2 Rb7 40. Ra8+ Kh7 41. Kf3 f6 42. Ke4 Nc3+ 43. Kd3 Nd5 44. Kc4 Kg6 45. Rc8 Kf5 46. f3 g5 47. Rh8 Kg6 48. b5 Rc7 49. Kd4 Rd7 50. Kc4 Rc7 51. Rg8+ Kf5 52. Rb8 g4 53. f4 Ke4 54. b6 Rd7 55. Kb5 Nxb6 56. Rxb6 Rd2 57. Rxe6+ Kf5 58. Re3 Rxh2 59. Bd6 Rd2 60. Bc7 Rf2 61. Kc4 Rf3 62. Kd3 h4 63. Rxf3 gxf3 64. gxh4 Kg4 65. Ke3 Kxh4 66. Kxf3 f5 67. Ke3 1-0


[Site "https://www.chess.com"]

[Event "Titled Tuesday Blitz March 22 Late 2022"]
[White "Kovanova, Baira"]
[Black "Curtis, John"]
[WhiteFideId "4164083"]
[BlackFideId "3200256"]
[WhiteElo "2190"]
[BlackElo "2203"]
[Result "1-0"]
[Round "06"]
[TimeControl "180+1"]
[Date "2022.03.22"]
[WhiteClock "0:01:05"]
[BlackClock "0:00:47"]

1. e4 c5 2. Nf3 d6 3. d4 cxd4 4. Nxd4 Nf6 5. Nc3 a6 6. Be3 e5 7. Nf3 h6 8. Bc4 Be6 9. Bb3 Nbd7 10. O-O Be7 11. Nh4 g5 12. Nf5 Nxe4 13. Ng7+ Kf8 14. Nxe6+ fxe6 15. Nxe4 d5 16. Ng3 Nf6 17. Re1 Rc8 18. Bd2 Rc6 19. Rxe5 Kg7 20. Qe2 Bd6 21. Rxe6 Bxg3 22. hxg3 Rxe6 23. Qxe6 Re8 24. Qf5 d4 25. Rd1 Qe7 26. Re1 Qd8 27. Rxe8 Qxe8 28. Qe6 Qd8 29. Qf7+ 1-0


[Site "https://www.chess.com"]

[Event "Titled Tuesday Blitz March 22 Late 2022"]
[White "Kozin, Yuri"]
[Black "Bluebaum, Matthias"]
[WhiteFideId "4129920"]
[BlackFideId "24651516"]
[WhiteElo "2556"]
[BlackElo "2550"]
[Result "0-1"]
[Round "06"]
[TimeControl "180+1"]
[Date "2022.03.22"]
[WhiteClock "0:00:01"]
[BlackClock "0:00:11"]

1. e4 c6 2. d4 d5 3. exd5 cxd5 4. c4 Nf6 5. Nc3 Nc6 6. Bg5 a6 7. Bxf6 exf6 8. cxd5 Ne7 9. Qa4+ Bd7 10. Qb3 Nf5 11. Nf3 Nd6 12. Be2 Be7 13. O-O O-O 14. Rfe1 Rc8 15. Rad1 Re8 16. h3 Bf8 17. Bd3 Qa5 18. Rxe8 Rxe8 19. Re1 Rc8 20. a3 b5 21. Rc1 Qb6 22. Na2 Rxc1+ 23. Nxc1 Nf5 24. Qc3 b4 25. axb4 Bxb4 26. Qb3 a5 27. Bxf5 Bxf5 28. Nd3 Qd6 29. Nxb4 axb4 30. Qc4 g5 31. Qc5 Qf4 32. d6 b3 33. Qd5 Be6 34. Qc5 Kg7 35. d5 Bf5 36. Qd4 Qc1+ 37. Kh2 Bd7 38. Qd2 Qc5 39. Qd4 Qxd6+ 40. g3 h6 41. Kg2 Bf5 42. Nd2 Be6 43. Kf1 Bxd5 44. Ke2 Qe6+ 45. Kd3 Bg2 46. Qe3 Bxh3 0-1


[Site "https://www.chess.com"]

[Event "Titled Tuesday Blitz March 22 Late 2022"]
[White "Ladan, Nicholas"]
[Black "Coelho, Ramyres Santana"]
[WhiteFideId "30918855"]
[BlackFideId "2120690"]
[WhiteElo "2167"]
[BlackElo "1888"]
[Result "0-1"]
[Round "06"]
[TimeControl "180+1"]
[Date "2022.03.22"]
[WhiteClock "0:00:06"]
[BlackClock "0:00:03"]

1. d4 Nf6 2. Nf3 g6 3. Bf4 Nh5 4. Be5 Bg7 5. Bxg7 Nxg7 6. e4 c5 7. Nc3 cxd4 8. Qxd4 O-O 9. O-O-O Nc6 10. Qe3 a6 11. h4 b5 12. h5 Nxh5 13. Rxh5 gxh5 14. Qg5+ Kh8 15. Qxh5 f6 16. Bd3 Qe8 17. Qh2 e5 18. Rh1 Qg6 19. Nd5 Rf7 20. Kb1 d6 21. Nh4 Qh6 22. Qg1 Qg5 23. f4 exf4 24. Nf3 Qg7 25. Nxf4 Ne5 26. Nd4 Nxd3 27. cxd3 Bg4 28. Rh4 Rg8 29. Qh2 Qg5 30. Nde6 Bxe6 31. Nxe6 Qxg2 32. Qf4 Qg1+ 33. Kc2 Rg2+ 34. Kb3 Qd1+ 35. Kb4 Rxb2+ 36. Ka5 Qa4+ 37. Kb6 Qc2 38. Qxd6 Qc8 39. Nc7 Qxc7+ 40. Qxc7 Rxc7 41. Kxc7 Rxa2 42. d4 Rc2+ 43. Kb6 b4 44. d5 b3 45. Rh3 b2 46. Rb3 Rd2 47. Kxa6 Kg7 48. Kb5 h5 49. Kc4 h4 50. Kc3 Re2 51. Kd3 Rg2 52. Ke3 Rg3+ 53. Kf4 Rxb3 54. Kf5 Rb4 55. e5 b1=Q+ 56. Ke6 Rb6+ 57. d6 fxe5 58. Ke7 Qb4 59. Ke8 Rxd6 60. Ke7 Qc5 61. Ke8 Qc6+ 62. Ke7 Rd7+ 63. Ke8 Qc8# 0-1


[Site "https://www.chess.com"]

[Event "Titled Tuesday Blitz March 22 Late 2022"]
[White "Lazavik, Denis"]
[Black "Wieczorek, Oskar"]
[WhiteFideId "13515110"]
[BlackFideId "1133950"]
[WhiteElo "2437"]
[BlackElo "2319"]
[Result "1-0"]
[Round "06"]
[TimeControl "180+1"]
[Date "2022.03.22"]
[WhiteClock "0:00:56"]
[BlackClock "0:00:01"]

1. d4 Nf6 2. c4 c5 3. d5 b5 4. cxb5 a6 5. e3 axb5 6. Bxb5 Qa5+ 7. Nc3 Bb7 8. Bd2 Qb6 9. a4 Nxd5 10. Nxd5 Bxd5 11. Nf3 e6 12. O-O Be7 13. Ne5 Nc6 14. Bc3 Nxe5 15. Bxe5 Bc6 16. Qg4 Bf6 17. Bxf6 gxf6 18. b4 cxb4 19. Qxb4 Rg8 20. g3 Rg5 21. Rab1 Qc5 22. Qf4 Rf5 23. Qh4 Qd5 24. Bxc6 Qxc6 25. Qxh7 Qxa4 26. Rbd1 Ke7 27. Rd4 Qc2 28. Rf4 Raa5 29. h4 Rac5 30. Rxf5 Qxf5 31. Qh8 Qd3 32. Qb8 Qc3 33. Qf4 Rd5 34. Qg4 Qe5 35. Qb4+ Rd6 36. Rd1 f5 37. h5 f4 38. exf4 1-0


[Site "https://www.chess.com"]

[Event "Titled Tuesday Blitz March 22 Late 2022"]
[White "Le Goff, Ronan"]
[Black "Bashirli, Nail"]
[WhiteFideId "612073"]
[BlackFideId "13406809"]
[WhiteElo "2276"]
[BlackElo "2333"]
[Result "0-1"]
[Round "06"]
[TimeControl "180+1"]
[Date "2022.03.22"]
[WhiteClock "0:00:04"]
[BlackClock "0:01:04"]

1. d4 Nf6 2. Nf3 e6 3. c4 b6 4. a3 Ba6 5. e3 d5 6. Nc3 Bxc4 7. Bxc4 dxc4 8. Qa4+ Nbd7 9. Ne5 Bd6 10. Nc6 Qc8 11. e4 a6 12. Qxc4 b5 13. Qe2 e5 14. dxe5 Nxe5 15. Nxe5 Bxe5 16. O-O O-O 17. h3 Re8 18. Nd1 Nxe4 19. Ne3 c5 20. Qf3 Bd4 21. Nf5 Bf6 22. Re1 Qe6 23. Be3 Bxb2 24. Rab1 Bf6 25. Bxc5 Nd2 26. Qd1 Qxf5 27. Qxd2 Qxc5 28. Rxe8+ Rxe8 29. Qd7 Rd8 30. Re1 Rxd7 31. Re8+ Qf8 32. Rxf8+ Kxf8 0-1


[Site "https://www.chess.com"]

[Event "Titled Tuesday Blitz March 22 Late 2022"]
[White "Liu, Leonardo"]
[Black "Sailer, Mike"]
[WhiteFideId "30965780"]
[BlackFideId "2012901"]
[WhiteElo "2294"]
[BlackElo "2109"]
[Result "1-0"]
[Round "06"]
[TimeControl "180+1"]
[Date "2022.03.22"]
[WhiteClock "0:02:26"]
[BlackClock "0:01:40"]

1. e4 d5 2. exd5 Qxd5 3. d4 Nc6 4. Nf3 Bg4 5. Be2 O-O-O 6. c4 Qf5 7. Be3 e5 8. d5 e4 9. Nd4 Nxd4 10. Bxg4 Nc2+ 11. Kd2 Nxe3 12. fxe3 Bb4+ 13. Nc3 1-0


[Site "https://www.chess.com"]

[Event "Titled Tuesday Blitz March 22 Late 2022"]
[White "Maghsoodloo, Parham"]
[Black "Oganian, Miran"]
[WhiteFideId "12539929"]
[BlackFideId "4122488"]
[WhiteElo "2630"]
[BlackElo "2357"]
[Result "1-0"]
[Round "06"]
[TimeControl "180+1"]
[Date "2022.03.22"]
[WhiteClock "0:01:43"]
[BlackClock "0:00:01"]

1. d4 e6 2. c4 d5 3. Nf3 a6 4. cxd5 exd5 5. Nc3 Nf6 6. Qb3 c6 7. Bg5 Be7 8. e3 O-O 9. Bd3 Nbd7 10. O-O Re8 11. h3 Nf8 12. Qc2 Bd6 13. Rab1 h6 14. Bf4 Bxf4 15. exf4 Ne6 16. Ne2 Qd6 17. Ne5 c5 18. dxc5 Nxc5 19. Rbd1 Nxd3 20. Qxd3 Bd7 21. Nd4 Rac8 22. Rfe1 Ne4 23. Ndf3 Nf6 24. b3 Bb5 25. Qd4 Rc2 26. Rd2 Rec8 27. Ng4 Nxg4 28. hxg4 Qf6 29. Re5 Rc1+ 30. Kh2 R8c3 31. Rxd5 Qg6 32. f5 Qc6 33. Qf4 Qb6 34. Rd6 Qc7 35. f6 g5 36. Nxg5 Be8 37. Ne4 R3c2 38. Qxh6 Rxd2 39. Qg7# 1-0


[Site "https://www.chess.com"]

[Event "Titled Tuesday Blitz March 22 Late 2022"]
[White "Maksimovic, Bojan"]
[Black "Ozates, Tuna"]
[WhiteFideId "14408120"]
[BlackFideId "6354521"]
[WhiteElo "2448"]
[BlackElo "1887"]
[Result "1-0"]
[Round "06"]
[TimeControl "180+1"]
[Date "2022.03.22"]
[WhiteClock "0:00:09"]
[BlackClock "0:00:10"]

1. e4 e5 2. Nf3 Nc6 3. Bb5 Nge7 4. O-O g6 5. c3 Bg7 6. d4 exd4 7. cxd4 a6 8. Bxc6 dxc6 9. h3 O-O 10. Re1 h6 11. Nc3 Be6 12. Bf4 f5 13. Be5 fxe4 14. Nxe4 Bd5 15. Bxg7 Kxg7 16. Qd3 Nf5 17. Ne5 Qh4 18. Rad1 Rad8 19. Ng3 Bxa2 20. b3 c5 21. Nxg6 Kxg6 22. Re6+ Rf6 23. Qxf5+ Kf7 24. Rxf6+ Qxf6 25. Qxc5 Bxb3 26. Rd3 Bd5 27. Qxc7+ Kf8 28. Re3 Bc6 29. Nh5 Qd6 30. Qg7# 1-0


[Site "https://www.chess.com"]

[Event "Titled Tuesday Blitz March 22 Late 2022"]
[White "Mangialardo, Tiago Carvalho"]
[Black "Atanejhad, Sahebali"]
[WhiteFideId "2130718"]
[BlackFideId "12506664"]
[WhiteElo "2095"]
[BlackElo "1977"]
[Result "0-1"]
[Round "06"]
[TimeControl "180+1"]
[Date "2022.03.22"]
[WhiteClock "0:00:02"]
[BlackClock "0:01:29"]

1. e4 c5 2. Nf3 g6 3. d4 cxd4 4. Nxd4 Nc6 5. Nc3 Bg7 6. Be3 Nf6 7. Be2 O-O 8. O-O d5 9. exd5 Nxd5 10. Nxc6 bxc6 11. Nxd5 cxd5 12. c3 e5 13. Bc5 Re8 14. Bb5 Bd7 15. Be2 Bc6 16. Qc2 Qc7 17. Rfd1 Rab8 18. Be3 Qb7 19. b3 d4 20. cxd4 Bxg2 21. Qc4 exd4 22. Bxd4 Rxe2 23. Qxe2 Bf3 24. Qe3 Bxd1 25. Rxd1 Rd8 26. Bxg7 Rxd1+ 0-1


[Site "https://www.chess.com"]

[Event "Titled Tuesday Blitz March 22 Late 2022"]
[White "Manukyan, Sargis A."]
[Black "Weetik, Vjacheslav"]
[WhiteFideId "13303970"]
[BlackFideId "4153472"]
[WhiteElo "2187"]
[BlackElo "2469"]
[Result "1/2-1/2"]
[Round "06"]
[TimeControl "180+1"]
[Date "2022.03.22"]
[WhiteClock "0:01:09"]
[BlackClock "0:00:17"]

1. d4 Nf6 2. e3 d5 3. Nf3 c5 4. Be2 Nc6 5. O-O Bg4 6. dxc5 e6 7. a3 Bxc5 8. b4 Bd6 9. Bb2 Qc7 10. h3 Bh5 11. Nbd2 O-O 12. c4 Be7 13. Rc1 dxc4 14. Nxc4 Rad8 15. Qb3 Ne4 16. Rfd1 Bf6 17. Bxf6 Nxf6 18. Nce5 Rxd1+ 19. Qxd1 Bxf3 20. Nxf3 Rd8 21. Qc2 Qb6 22. Rd1 h6 23. Rxd8+ Qxd8 24. g3 Qd5 25. Qd3 Qxd3 26. Bxd3 Kf8 27. Kf1 Ke7 28. Ke2 Nd5 29. Kd2 Kd6 30. e4 Nf6 31. b5 Ne5 32. Nxe5 Kxe5 33. Ke3 Kd6 34. Kd4 e5+ 35. Kc4 Nd7 36. a4 Nc5 37. Bc2 b6 38. f4 f6 39. f5 Nb7 40. Kb4 Nc5 41. g4 Kc7 42. a5 Nb7 43. a6 Nc5 44. Kc4 Kd6 45. Bb1 Na4 46. Bc2 Nc5 47. Bb1 Nd7 48. Bc2 Nf8 49. h4 Nd7 50. Bb1 Nc5 51. Bc2 Nd7 52. Bb1 Nf8 53. Bc2 g5 54. h5 Nd7 55. Bb1 Nc5 56. Bc2 Nd7 57. Bb1 Nf8 58. Bc2 Nd7 1/2-1/2


[Site "https://www.chess.com"]

[Event "Titled Tuesday Blitz March 22 Late 2022"]
[White "Martinez Reyes, Pedro Ramon"]
[Black "Mirza, Diana"]
[WhiteFideId "3901807"]
[BlackFideId "2503999"]
[WhiteElo "2410"]
[BlackElo "1813"]
[Result "1-0"]
[Round "06"]
[TimeControl "180+1"]
[Date "2022.03.22"]
[WhiteClock "0:01:46"]
[BlackClock "0:00:13"]

1. g4 d5 2. Bg2 Bxg4 3. c4 c6 4. cxd5 Bd7 5. Qb3 Qb6 6. Nc3 Nf6 7. d4 e6 8. dxe6 Bxe6 9. Qxb6 axb6 10. e4 Bc4 11. Nf3 Bb4 12. Ne5 Ba6 13. Bd2 Nbd7 14. a3 Nxe5 15. dxe5 Bxc3 16. Bxc3 Nd7 17. b4 O-O 18. O-O-O Rad8 19. Rd6 Nb8 20. Rhd1 Rxd6 21. exd6 Nd7 22. Bh3 Rd8 23. f4 Nf6 24. Bxf6 gxf6 25. d7 Kf8 26. Rd4 Ke7 27. e5 c5 28. Rd6 cxb4 29. axb4 fxe5 30. fxe5 Bc4 31. Rxb6 Bd5 32. Rd6 Bc6 33. Kd2 Bxd7 34. Bg2 Bc6 35. Bxc6 bxc6 36. Rxd8 Kxd8 37. Kc3 Ke7 38. Kd4 Ke6 39. Kc5 Kd7 40. Kb6 h5 41. h4 Ke6 42. Kxc6 Kxe5 43. b5 f5 44. b6 f4 45. b7 f3 46. b8=Q+ Ke4 47. Qg3 Ke3 48. Qe1+ Kf4 49. Qf2 Kg4 50. Kd5 Kf4 51. Kd4 Kg4 52. Ke3 Kf5 53. Qxf3+ Kg6 54. Qd5 1-0


[Site "https://www.chess.com"]

[Event "Titled Tuesday Blitz March 22 Late 2022"]
[White "Matinian, Nikita"]
[Black "Fedoseev, Vladimir"]
[WhiteFideId "24129100"]
[BlackFideId "24130737"]
[WhiteElo "2422"]
[BlackElo "2726"]
[Result "0-1"]
[Round "06"]
[TimeControl "180+1"]
[Date "2022.03.22"]
[WhiteClock "0:00:02"]
[BlackClock "0:00:24"]

1. e4 c5 2. Nc3 Nc6 3. Bb5 Nd4 4. Nf3 a6 5. Bd3 g6 6. O-O Bg7 7. Re1 d6 8. h3 Nxf3+ 9. Qxf3 Nf6 10. b3 Nd7 11. Bb2 O-O 12. Bf1 Ne5 13. Qg3 Nc6 14. Nd1 e5 15. Ne3 f5 16. exf5 gxf5 17. f4 b5 18. a4 Rb8 19. axb5 axb5 20. Nd5 Be6 21. c4 bxc4 22. Bxc4 Kh8 23. fxe5 f4 24. Qxg7+ Kxg7 25. exd6+ Kf7 26. Ra6 Qxd6 27. Rxe6 Kxe6 28. Nb4+ Kd7 29. Nxc6 Qxc6 30. Rxc6 Kxc6 31. Be5 Rbe8 32. Bc3 f3 33. g4 f2+ 34. Kg2 Re1 35. Bf1 Kd5 36. b4 cxb4 37. Bxb4 Rb8 38. Bc3 Rbb1 0-1


[Site "https://www.chess.com"]

[Event "Titled Tuesday Blitz March 22 Late 2022"]
[White "Mekhitarian, Krikor Sevag"]
[Black "Romero Ruscalleda, Josep"]
[WhiteFideId "2107660"]
[BlackFideId "2231859"]
[WhiteElo "2598"]
[BlackElo "2269"]
[Result "1-0"]
[Round "06"]
[TimeControl "180+1"]
[Date "2022.03.22"]
[WhiteClock "0:01:26"]
[BlackClock "0:01:49"]

1. e4 g6 2. d4 Bg7 3. Nc3 d6 4. Be3 a6 5. h4 h5 6. f3 b5 7. Qd2 Nd7 8. Nh3 Bb7 9. Ng5 Rc8 10. a4 b4 11. Bc4 e6 12. Ne2 c5 13. dxc5 dxc5 14. O-O-O Ngf6 15. Nf4 O-O 16. Nfxe6 fxe6 17. Nxe6 Qa5 18. Nxf8+ Kxf8 19. Qd6+ Ke8 20. Qe6+ Kd8 21. Bg5 Kc7 22. Qd6+ Kd8 23. Qxd7# 1-0


[Site "https://www.chess.com"]

[Event "Titled Tuesday Blitz March 22 Late 2022"]
[White "Mikhailov, Viacheslav"]
[Black "Urazayev, Arystanbek"]
[WhiteFideId "4187369"]
[BlackFideId "13709810"]
[WhiteElo "2381"]
[BlackElo "2393"]
[Result "1-0"]
[Round "06"]
[TimeControl "180+1"]
[Date "2022.03.22"]
[WhiteClock "0:00:11"]
[BlackClock "0:00:15"]

1. Nf3 Nf6 2. g3 b6 3. Bg2 Bb7 4. O-O e6 5. c4 Be7 6. Nc3 O-O 7. d3 c5 8. e4 d6 9. Re1 Nbd7 10. Bf4 a6 11. Qd2 Qc7 12. Rad1 Ne5 13. h3 Nfd7 14. b3 Nxf3+ 15. Bxf3 Ne5 16. Bg2 Nc6 17. Be3 Nd4 18. Bxd4 cxd4 19. Ne2 e5 20. f4 h6 21. Kh2 a5 22. g4 exf4 23. Qxf4 Bf6 24. Kh1 Be5 25. Qf2 a4 26. b4 a3 27. Nxd4 Qd7 28. Nf5 Bc3 29. Rf1 b5 30. cxb5 d5 31. exd5 Bxd5 32. Qc5 Bxg2+ 33. Kxg2 Bb2 34. Rfe1 Rfb8 35. Re7 Qxb5 36. d4 Qa4 37. Rde1 Rc8 38. Qd5 Qc6 39. Qxc6 Rxc6 40. d5 Rc2+ 41. R7e2 Rxe2+ 42. Rxe2 g6 43. Ne7+ Kf8 44. Nc6 Bf6 45. b5 Bd8 46. d6 Bb6 47. d7 f5 48. gxf5 gxf5 49. Kf3 Kf7 50. Kf4 Ra4+ 51. Kxf5 Rh4 52. d8=Q Bxd8 53. Nxd8+ Kf8 54. b6 Rb4 55. b7 h5 56. Kf6 h4 57. Rc2 Ke8 58. Rd2 Rb6+ 59. Kg5 Rb2 60. Rxb2 axb2 61. b8=Q b1=Q 62. Qxb1 Kd7 63. Qf5+ Kd6 64. Qg4 Ke7 65. Kxh4 Ke8 66. Kg3 Ke7 67. h4 Kd6 68. h5 Ke7 69. Nc6+ Kf6 70. Nb4 Ke7 71. Nc2 Kf7 72. Ne1 Kf8 73. h6 Kf7 1-0


[Site "https://www.chess.com"]

[Event "Titled Tuesday Blitz March 22 Late 2022"]
[White "Milosevic, Milos"]
[Black "Gulecyuz, Deniz"]
[WhiteFideId "964875"]
[BlackFideId "30921341"]
[WhiteElo "2237"]
[BlackElo "1923"]
[Result "1-0"]
[Round "06"]
[TimeControl "180+1"]
[Date "2022.03.22"]
[WhiteClock "0:01:28"]
[BlackClock "0:01:03"]

1. e4 c5 2. Nc3 Nc6 3. f4 e6 4. Nf3 d5 5. Bb5 dxe4 6. Nxe4 Bd7 7. O-O a6 8. Bd3 Nf6 9. c3 Nxe4 10. Bxe4 Bd6 11. d4 cxd4 12. Nxd4 Qc7 13. Be3 Nxd4 14. Qxd4 O-O-O 15. Qa7 Bc6 16. Bb6 Qe7 17. Bxc6 Bb8 18. Bxb7+ Qxb7 19. Qxb7+ Kxb7 20. Bxd8 Rxd8 21. Rad1 1-0


[Site "https://www.chess.com"]

[Event "Titled Tuesday Blitz March 22 Late 2022"]
[White "Moussard, Jules"]
[Black "Martinez Alcantara, Jose Eduardo"]
[WhiteFideId "642908"]
[BlackFideId "3805662"]
[WhiteElo "2557"]
[BlackElo "2690"]
[Result "0-1"]
[Round "06"]
[TimeControl "180+1"]
[Date "2022.03.22"]
[WhiteClock "0:00:05"]
[BlackClock "0:00:26"]

1. Nf3 c5 2. g3 Nc6 3. Bg2 g6 4. O-O Bg7 5. e4 d6 6. c3 e5 7. d3 Nge7 8. a3 O-O 9. b4 a6 10. Nbd2 h6 11. Nb3 b6 12. Bb2 a5 13. b5 Nb8 14. d4 Qc7 15. a4 Nd7 16. Re1 Bb7 17. Nbd2 Rad8 18. Qb3 d5 19. dxe5 c4 20. Qc2 dxe4 21. Nxe4 Nxe5 22. Nxe5 Bxe5 23. Ba3 Rd3 24. Qe2 Rfd8 25. Nc5 bxc5 26. Qxe5 Qxe5 27. Rxe5 Bxg2 28. Kxg2 Nd5 29. Bxc5 Rxc3 30. b6 Rb3 31. Rd1 Nf4+ 32. gxf4 Rxd1 33. Be3 c3 34. Rc5 Kg7 35. Rc7 Rd3 36. Kf1 Rb2 37. b7 c2 38. Ba7 c1=Q+ 39. Rxc1 Rxb7 40. Be3 Rb4 41. Rc5 Rxa4 42. Ke2 Rd7 43. Rb5 Rc4 44. Rxa5 f5 45. Kf3 Re4 46. Ra6 Kf7 47. h4 Re6 48. Ra5 h5 49. Ra4 Red6 50. Ra5 Ke6 51. Ra8 Kd5 52. Rg8 Re6 53. Ra8 Rc6 54. Ra5+ Ke6 55. Re5+ Kf7 56. Ra5 Re7 57. Bc5 Re4 58. Ra7+ Ke8 59. Be3 Rec4 60. Rg7 Re6 61. Kg3 Rb4 62. Ra7 Rb1 63. Kg2 Rc6 64. Rg7 Rb2 65. Bd4 Rd2 66. Be3 Ra2 67. Rb7 Re6 68. Rb8+ Kd7 69. Rb7+ Kc6 70. Rb6+ Kd5 71. Rb5+ Kc4 72. Rc5+ Kb4 73. Re5 Rxe5 74. fxe5 Kc4 75. e6 Ra6 76. e7 Re6 77. Bg5 Kd5 78. Kf3 Re4 79. Kg3 Kd6 80. Kf3 Kd7 81. Bf6 Re6 82. Bg5 Ke8 83. Kf4 Re4+ 84. Kf3 Kf7 85. Kg3 Rg4+ 86. Kf3 Ke8 87. Bf6 Ra4 88. Kg3 Re4 89. f3 Rc4 90. Bg5 Kd7 91. Bf6 f4+ 92. Kf2 Rc6 93. Bg5 Rc5 94. Bf6 Rf5 95. Bg7 Kxe7 96. Bd4 Ke6 97. Bb6 Rf7 98. Bd8 Kf5 99. Bb6 Rd7 100. Ke2 Rd6 101. Bc7 Rc6 102. Bd8 Re6+ 103. Kf2 Rd6 104. Be7 Rd2+ 105. Ke1 Rc2 106. Bg5 Rg2 107. Bd8 Rh2 108. Kf1 Rd2 109. Bg5 Ke5 110. Ke1 Ra2 111. Kf1 Rc2 112. Kg1 Rc4 113. Kf2 Ra4 114. Kf1 Kd5 115. Ke2 Kc6 116. Bf6 Kd5 117. Bg5 Rc4 118. Kf2 Kc5 119. Ke2 Kb4 120. Kd3 Kb3 121. Bf6 Ra4 122. Be5 Ka2 123. Bd4 Kb1 124. Bf6 Kc1 125. Ke2 Kc2 126. Be5 Rc4 127. Bd6 Kc1 128. Be5 Rc2+ 129. Kd3 Rg2 130. Ke4 Kd2 131. Bxf4+ Ke2 132. Bg5 Rf2 133. f4 Rf1 134. Ke5 Rb1 135. Kf6 Rb6+ 136. Kg7 Kf3 137. Bd8 Ra6 138. Bg5 Kg4 139. Kh6 Kf5 140. Kg7 Ra7+ 141. Kf8 Rd7 142. Kg8 Rd4 143. Kh7 Rc4 144. Kg7 Ra4 145. Kh7 Ra7+ 146. Kg8 Ke6 147. Kf8 Rb7 148. Kg8 Rd7 149. Kf8 Kd6 150. Kg8 Rb7 151. Kf8 Kd5 152. Kg8 Ke4 153. Kf8 Kf5 154. Kg8 Rb3 155. Kg7 Re3 156. Kf7 Rg3 157. Kg7 Rg4 158. Kf7 Rxf4 159. Bxf4 Kxf4 160. Kxg6 Kg4 161. Kf6 Kxh4 162. Kf5 Kg3 163. Kg5 h4 0-1


[Site "https://www.chess.com"]

[Event "Titled Tuesday Blitz March 22 Late 2022"]
[White "Msellek, Ilyass"]
[Black "Dardha, Daniel"]
[WhiteFideId "675938"]
[BlackFideId "240990"]
[WhiteElo "2219"]
[BlackElo "2482"]
[Result "1-0"]
[Round "06"]
[TimeControl "180+1"]
[Date "2022.03.22"]
[WhiteClock "0:00:16"]
[BlackClock "0:00:01"]

1. Nf3 f5 2. d3 Nf6 3. g3 d6 4. Bg2 g6 5. O-O Bg7 6. e4 Nc6 7. Nc3 O-O 8. Nd5 fxe4 9. Nxf6+ Bxf6 10. dxe4 Bg4 11. h3 Bxf3 12. Bxf3 e6 13. Bh6 Bg7 14. Bxg7 Kxg7 15. Bg2 e5 16. c3 h5 17. h4 Qe7 18. Qb3 b6 19. a4 g5 20. Qd5 Qd7 21. hxg5 Ne7 22. Qd1 h4 23. gxh4 Rf4 24. h5 Rh8 25. c4 Nc6 26. Ra3 Qg4 27. h6+ Kg6 28. Rg3 Qxd1 29. Rxd1 Nd4 30. Rxd4 exd4 31. Bh3 Rxe4 32. Bf1 Rf4 33. Bd3+ Kh5 34. h7 Rf7 35. g6 Rg7 36. f4 Kh4 37. Kg2 c5 38. Kh2 Re7 39. g7 Rxg7 40. Rxg7 Re8 41. Rg8 Ra8 42. h8=Q# 1-0


[Site "https://www.chess.com"]

[Event "Titled Tuesday Blitz March 22 Late 2022"]
[White "Nazaretyan, Tigran"]
[Black "Manukian, Artak"]
[WhiteFideId "24162345"]
[BlackFideId "13301373"]
[WhiteElo "2219"]
[BlackElo "2438"]
[Result "1-0"]
[Round "06"]
[TimeControl "180+1"]
[Date "2022.03.22"]
[WhiteClock "0:00:20"]
[BlackClock "0:00:10"]

1. d4 Nf6 2. c4 e6 3. Nf3 d5 4. Nc3 c5 5. cxd5 cxd4 6. Qa4+ Bd7 7. Qxd4 exd5 8. Nxd5 Qa5+ 9. Nc3 Nc6 10. Qe3+ Be7 11. Bd2 O-O 12. Qg5 Qb6 13. Qb5 Qc7 14. Qc4 Qb6 15. Na4 Qd8 16. e3 Rc8 17. Nc3 Nb4 18. Qb3 Bf5 19. Nd4 Nd3+ 20. Bxd3 Bxd3 21. Nd5 Bc4 22. Nxe7+ Qxe7 23. Bb4 Qe4 24. Qa3 Qxg2 25. O-O-O Bb3+ 26. Kb1 Bxd1 27. Rxd1 Rfd8 28. Be7 Qe4+ 29. Ka1 Rd7 30. Bxf6 gxf6 31. Qxa7 Kh8 32. Qb6 Qc2 33. Qxf6+ Kg8 34. Rg1+ Qg6 35. Rxg6+ hxg6 36. a3 1-0


[Site "https://www.chess.com"]